 Dungeon Crawl Stone Soup version 0.31-a0-214-gb37851dbb3 (webtiles) character file.

Game seed: 11847962274268610586

1 holysushi the Shooter (level 1, 16/16 HPs)
             Began as a Formicid Hunter on July 1, 2023.
             Quit the game on level 1 of the Dungeon.
             The game lasted 00:00:18 (62 turns).

holysushi the Shooter (Formicid Hunter)               Turns: 62, Time: 00:00:19

Health: 16/16      AC:  3    Str: 15    XL:     1   Next: 22%
Magic:  1/1        EV: 12    Int:  8    God:
Gold:   24         SH:  0    Dex: 17    Spells: 0/0 levels left

rFire   . . .        a - +0 shortbow
rCold   . . .        (no shield)
rNeg    . . .        c - +0 leather armour
rPois   .            (helmet unavailable)
rElec   .            (no cloak)
rCorr   .            (no gloves)
SInv    +            (no boots)
Will    .....        (no amulet)
Stlth   ++           (no ring)
HPRegen 0.22/turn    (no ring)
MPRegen 0.07/turn

%: no passive effects
@: no status effects
A: permanent stasis, dig shafts and tunnels, antennae 3, four strong arms
a: Dig, Shaft Self


You were on level 1 of the Dungeon.
You visited 1 branch of the dungeon, and saw 1 of its levels.

You collected 24 gold pieces.

Inventory:

Hand Weapons
 a - a +0 shortbow (weapon)
Armour
 c - a +0 leather armour (worn)
Scrolls
 b - a scroll of butterflies
 e - a scroll of enchant weapon {unknown}
Potions
 d - 2 potions of degeneration {unknown}


   Skills:
 + Level 2.2 Fighting
 + Level 4.0 Ranged Weapons
 + Level 1.8 Dodging
 + Level 1.3 Stealth


You couldn't memorise any spells.
You didn't know any spells.
Your spell library was empty.

Dungeon Overview and Level Annotations

Branches:
Dungeon (1/15) Zot: 5937

Altars:


Innate Abilities, Weirdness & Mutations

You cannot be hasted, slowed, berserked, paralysed or teleported.
You can dig through walls and to a lower floor.
You have a pair of large antennae on your head. (SInv)
Your four strong arms can wield two-handed weapons with a shield.


Message History

Welcome, holysushi the Formicid Hunter.
They say the Orb of Zot lies within this dungeon, but they say a lot of things.
Press ? for a list of commands and other information.
Found seven items.
Found an escape hatch in the floor.
Found a staircase leading out of the dungeon.
Found a stone staircase leading down.
You now have 13 gold pieces.
d - a golden potion You sense a monster nearby.
e - a scroll labelled TIOCOO SUDIGO No target in view!
No target in view!
Found a ring mail.
A hobgoblin comes into view.
Found a golden potion.
A hobgoblin is nearby!
A hobgoblin is nearby!
A hobgoblin is nearby!
You shoot an arrow.
The arrow hits the hobgoblin but does no damage.
The hobgoblin shouts!
You shoot an arrow. The arrow hits the hobgoblin.
The hobgoblin is heavily wounded.
You shoot an arrow. The arrow hits the hobgoblin.
You kill the hobgoblin!
No target in view!
No target in view!
You now have 24 gold pieces (gained 11).
You see here a hobgoblin corpse.
d - 2 golden potions (gained 1) Are you sure you want to abandon this character and quit the game? (Confirm with "yes".)

###############################
..............................>
###........................
#.######################.
#.#....†@...#............
#.###.#####.#.####.#####.
####........[..# ##.## #.
+..........##### #...# #.
########.#...# ###...####.
......# #.......##. #.......
#.≈...≈.##. #######.#
#.≈...§.##. .# #.≈...§.#


There were no monsters in sight!

Vanquished Creatures
  A hobgoblin (D:1)
1 creature vanquished.

Notes
Turn   | Place    | Note
-------+----------+-------------------------------------------
     0 | D:1      | holysushi the Formicid Hunter began the quest for the Orb.
     0 | D:1      | Reached XP level 1. HP: 16/16 MP: 1/1
    62 | D:1      | Quit the game

Illustrated notes

Levels and vault maps discovered:
D:1:      dreamdust_arrival_sigmund_warning, layout_basic

Action                     || total
---------------------------++-------
   Fire: Shortbow          ||     3

Table legend: (Time is in decaauts)
 A = Elapsed time spent in this place.
 B = Non-inter-level travel time spent in this place.
 C = Inter-level travel time spent in this place.
 D = Time resting spent in this place.
 E = Time spent auto-exploring this place.
 F = Levels seen in this place.
 G = Mean time per level.
                   A        B        C        D        E       F      G
               +--------+--------+--------+--------+--------+-----+--------+
         Total |     62 |     62 |      0 |      0 |     45 |   1 |   62.0 |
       Dungeon |     62 |     62 |      0 |      0 |     45 |   1 |   62.0 |
               +--------+--------+--------+--------+--------+-----+--------+

Top non-repeatable levels by time:
     D:1: 62 daAuts
